 Dungeon Crawl Stone Soup version 0.29-a0-25-g7f48f510a0 (webtiles) character file.

Game seed: 17559311279512317422

53 HallandMoats the Skirmisher (level 3, -4/33 HPs)
             Began as a Minotaur Monk on Jan 31, 2022.
             Slain by a sky beast (5 damage)
             ... on level 2 of the Dungeon.
             The game lasted 00:01:59 (1590 turns).

HallandMoats the Skirmisher (Minotaur Monk)         Turns: 1590, Time: 00:01:59

Health: -4/33      AC: 14    Str: 15    XL:     3   Next: 64%
Magic:  3/3        EV:  7    Int:  7    God:
Gold:   69         SH:  0    Dex: 14    Spells: 2/2 levels left

rFire   . . .      SeeInvis .   a - +0 hand axe
rCold   . . .      Faith    .   (no shield)
rNeg    . . .      Spirit   .   d - +0 chain mail
rPois   .          Reflect  .   (helmet restricted)
rElec   .          Harm     .   (no cloak)
rCorr   .          Rampage  .   m - +0 pair of gloves
Will    .....                   n - +0 pair of boots
Stlth   ..........              (no amulet)
HPRegen 0.11/turn               e - +4 ring of protection
MPRegen 0.08/turn               (no ring)

@: no status effects
A: horns 2, retaliatory headbutt
a: no special abilities


You were on level 2 of the Dungeon.
You visited 1 branch of the dungeon, and saw 3 of its levels.

You collected 69 gold pieces.

Inventory:

Hand Weapons
 a - a +0 hand axe (weapon)
Armour
 d - a +0 chain mail (worn)
 m - a +0 pair of gloves (worn)
 n - a +0 pair of boots (worn)
Jewellery
 e - a +4 ring of protection (left hand)
 k - a ring of ice
Scrolls
 c - a scroll of identify {unknown}
 f - a scroll of summoning {unknown}
 h - a scroll of blinking {unknown}
 i - a scroll of acquirement {unknown}
 l - a scroll of teleportation {unknown}
Potions
 b - a potion of curing {unknown}
 g - a potion of resistance {unknown}
 j - a potion of brilliance {unknown}


   Skills:
 * Level 4.1 Fighting
 * Level 4.1 Axes
 + Level 1.1 Armour
 + Level 3.5 Dodging
 - Level 1.5 Stealth
 + Level 1.0 Shields
 * Level 1.4 Invocations


You had 2 spell levels left.
You didn't know any spells.
Your spell library was empty.

Dungeon Overview and Level Annotations

Branches:
Dungeon (3/15)

Altars:

Shops:
D:3 :


Innate Abilities, Weirdness & Mutations

You have a pair of horns on your head.
You reflexively headbutt those who attack you in melee.


Message History

The orc barely misses you.
You climb upwards.
There is a stone staircase leading down here.
The sky beast flickers out of sight!
Deactivating autopickup; reactivate with Ctrl-A.
There is an open door here.
A sky beast appears from thin air!
Reactivating autopickup.
You hit the sky beast.
The sky beast is lightly wounded.
The sky beast hits you but does no damage. x2
You hit the sky beast but do no damage.
The sky beast is lightly wounded.
The sky beast hits you. The sky beast shocks you.
You hit the sky beast.
The sky beast is moderately wounded.
The sky beast hits you but does no damage.
You hit the sky beast.
The sky beast is heavily wounded.
The sky beast hits you. The sky beast shocks you.
* * * LOW HITPOINT WARNING * * *
You hit the sky beast. You headbutt the sky beast.
The sky beast is almost dead.
The sky beast hits you but does no damage.
You barely miss the sky beast.
The sky beast is almost dead.
The sky beast barely misses you.
You completely miss the sky beast.
The sky beast is almost dead.
The sky beast barely misses you.
You miss the sky beast.
The sky beast is almost dead.
The sky beast flickers out of sight!
Deactivating autopickup; reactivate with Ctrl-A.
Something hits you but does no damage.
You hit something but do no damage. Your headbutt misses something.
Something hits you.
* * * LOW HITPOINT WARNING * * *
Something shocks you.
You die...

#.......))..#
#........>..#
#...........#
#...........#
#........≈..#
#########'### #o#
#{# #@# #)#
#.################
#.(...............
##################


You could see an orc.

Vanquished Creatures
  2 adders (D:2)
  A dart slug (D:1)
  2 orcs (D:2)
  3 ball pythons
  2 endoplasms (D:2)
  A giant cockroach (D:2)
  4 goblins
  A hobgoblin (D:2)
  A kobold (D:1)
  2 quokkas
  6 bats
  A frilled lizard (D:1)
  5 rats
31 creatures vanquished.

Notes
Turn   | Place    | Note
-------+----------+-------------------------------------------
     0 | D:1      | HallandMoats the Minotaur Monk began the quest for the Orb.
     0 | D:1      | Reached XP level 1. HP: 19/19 MP: 0/0
   288 | D:1      | Reached XP level 2. HP: 19/27 MP: 1/1
   680 | D:2      | Reached skill level 1 in Invocations
   810 | D:2      | Reached XP level 3. HP: 33/33 MP: 2/2
   845 | D:2      | Reached skill level 1 in Armour
  1474 | D:3      | Found Peoc's Book Shoppe.
  1517 | D:3      | Reached skill level 1 in Shields
  1540 | D:3      | Noticed a sky beast
  1590 | D:2      | HP: 1/33 [something (4)]
  1590 | D:2      | Slain by a sky beast

Illustrated notes

Levels and vault maps discovered:
D:1:      elethiomel_arrival_shortcut, layout_basic, st_stairs_6
D:2:      layout_basic
D:3:      layout_basic, hangedman_ru_absence, lemuel_blue_sif_altar,
          serial_shops, nicolae_shop_advertising_works
          [nicolae_subvault_shop_adworks], nicolae_shop_window_shopping, shop

Skill      XL: |  1  2  3 |
---------------+----------+-----
Invocations    | 1 |  1.4
Fighting       | 4 |  4.1
Axes           | 4 |  4.1
Armour         | 1 |  1.1
Shields        | 1 |  1.0
Dodging        | |  3.5
Stealth        | |  1.5

Action                   || total
-------------------------++-------
Melee: Hand axe          ||    74
       Headbutt          ||    10
Armor: Chain mail        ||    48
       Robe              ||     1
Dodge: Dodged            ||    28

Table legend: (Time is in decaauts)
 A = Elapsed time spent in this place.
 B = Non-inter-level travel time spent in this place.
 C = Inter-level travel time spent in this place.
 D = Time resting spent in this place.
 E = Time spent auto-exploring this place.
 F = Levels seen in this place.
 G = Mean time per level.
                   A        B        C        D        E       F      G
               +--------+--------+--------+--------+--------+-----+--------+
         Total |   1598 |   1491 |    107 |      0 |   1223 |   3 |  532.7 |
       Dungeon |   1598 |   1491 |    107 |      0 |   1223 |   3 |  532.7 |
               +--------+--------+--------+--------+--------+-----+--------+

Top non-repeatable levels by time:
     D:2: 820 daAuts
     D:1: 672 daAuts
     D:3: 105 daAuts
